Philadelphia Flyers vs Buffalo Sabres

Created - samedi 8 décembre 2018 at 19:00

Goals
1 2 3 T
Philadelphia Flyers 0 1 2 3
Buffalo Sabres 0 0 1 1
Shots
1 2 3 T
Philadelphia Flyers 4 12 16 32
Buffalo Sabres 6 5 8 19

1st period

No Goal

Penalties :
Jacob de la Rose (PHI) for Hooking (Minor) at 8:07, Tyler Myers (BUF) for Diving (Minor) at 15:29

2nd period

1. Philadelphia Flyers , Jacob de la Rose 3 (Nolan Patrick 11) at 17:24

Penalties :
Justin Bailey (BUF) for Hooking (Minor) at 5:56, Tyler Myers (BUF) for Hooking (Minor) at 12:28, Scott Laughton (PHI) for Holding (Minor) at 17:57

3rd period

2. Philadelphia Flyers , Jakub Voracek 13 (Claude Giroux 23) at 1:32
3. Buffalo Sabres , Ryan Nugent-Hopkins 13 (John Tavares 12) at 4:50
4. Philadelphia Flyers , Nolan Patrick 4 (Ivan Provorov 9, Michael Raffl 6) at 6:54

Penalties :
Marcus Foligno (BUF) for Hooking (Minor) at 1:49, Marcus Foligno (BUF) for Holding (Minor) at 8:34, Marcus Foligno (BUF) for Diving (Minor) at 16:41

Goalie Stats

Henrik Lundqvist (PHI), 18 saves from 19 shots - (0.947), W, 12-6-3, 60:00 minutes
Robin Lehner (BUF), 29 saves from 32 shots - (0.906), L, 12-16-2, 60:00 minutes

Players Stats for Philadelphia Flyers

Player Name              G  A  P  +/- PIM S  H  SB GA TA FO     MP     PP MP  PK MP  
------------------------------------------------------------------------------------
Brandon Manning          0  0  0   2  0   1  3  1  0  0  0/0    20:26   6:14   0:47 
Brandon Sutter           0  0  0  -1  0   1  3  3  0  1  2/8    13:57   0:16   1:54 
Brenden Dillon           0  0  0   0  0   0  1  1  0  0  0/0    16:08   0:02   1:30 
Brian Gionta             0  0  0  -1  0   1  0  1  0  0  0/0    12:42   0:43   0:00 
Claude Giroux            0  1  1   1  0   5  4  0  1  0  13/19  17:11   6:20   0:07 
Ivan Provorov            0  1  1   2  0   1  1  0  0  0  0/0    23:16   5:38   1:55 
Jacob de la Rose         1  0  1   2  2   3  3  1  1  0  0/0    12:50   0:54   0:00 
Jakub Voracek            1  0  1   1  0   2  0  0  0  0  0/0    16:02   5:36   0:00 
Michael Raffl            0  1  1   2  0   2  0  0  0  0  1/1    13:14   0:00   1:57 
Nolan Patrick            1  1  2   2  0   4  1  0  1  0  7/13   11:06   0:00   0:00 
Pavel Buchnevich         0  0  0   1  0   0  3  0  1  0  0/0    15:28   5:20   0:00 
Robert Hagg              0  0  0   0  0   1  5  4  0  0  0/0    16:00   0:00   0:23 
Ryan McDonagh            0  0  0   0  0   4  1  1  0  1  0/0    22:59   5:40   1:51 
Scott Laughton           0  0  0  -1  2   1  4  0  0  0  0/1    11:14   0:00   0:00 
Sean Couturier           0  0  0   0  0   0  1  0  0  1  9/10   18:21   5:18   2:04 
Travis Konecny           0  0  0   0  0   0  2  0  0  0  0/0    15:44   5:24   0:00 
Wayne Simmonds           0  0  0   0  0   4  2  0  0  0  0/0    18:11   5:51   1:54 
Zdeno Chara              0  0  0   0  0   2  0  0  0  0  0/0    21:11   6:14   1:30 

Players Stats for Buffalo Sabres

Player Name              G  A  P  +/- PIM S  H  SB GA TA FO     MP     PP MP  PK MP  
------------------------------------------------------------------------------------
Casey Nelson             0  0  0   0  0   0  0  0  0  0  0/0     5:22   0:00   0:00 
Curtis Lazar             0  0  0   0  0   1  1  0  0  0  0/1    14:41   0:24   1:46 
Dmitry Kulikov           0  0  0   0  0   1  0  3  0  0  0/0    17:55   0:10   5:52 
Evan Rodrigues           0  0  0  -2  0   1  1  0  0  0  0/1    13:09   0:00   0:00 
Jake McCabe              0  0  0  -2  0   1  1  1  0  1  0/0    22:29   2:11   6:02 
Jason Pominville         0  0  0  -2  0   3  1  0  0  0  3/9    14:50   2:03   0:00 
Jesper Fast              0  0  0   0  0   1  0  0  0  1  1/1    14:37   1:49   0:00 
John Tavares             0  1  1   0  0   1  3  2  0  0  9/22   24:13   1:37   5:41 
Justin Bailey            0  0  0   0  2   1  1  0  0  0  0/2    14:22   2:03   4:29 
Justin Falk              0  0  0   0  0   0  0  0  0  0  0/0    12:40   0:00   0:00 
Marco Scandella          0  0  0  -2  0   0  1  1  0  1  0/0    21:44   2:11   6:02 
Marcus Foligno           0  0  0  -2  6   3  3  0  0  1  1/1    15:09   0:00   0:36 
Nicolas Deslauriers      0  0  0   0  0   0  0  0  0  0  1/5     7:11   0:00   0:07 
Rasmus Ristolainen       0  0  0   0  0   2  1  4  2  0  0/0    24:56   1:37   5:52 
Ryan Nugent-Hopkins      1  0  1   0  0   4  2  1  0  0  0/2    20:11   1:55   5:40 
Ryan Reaves              0  0  0   0  0   0  2  2  1  0  0/0    18:09   2:03   5:24 
Tyler Myers              0  0  0   0  4   0  1  0  0  0  0/0    15:26   1:47   0:00 
Zemgus Girgensons        0  0  0   0  0   0  0  1  0  0  5/8    10:56   0:00   0:05 

3 Stars

1 - Nolan Patrick (PHI)
2 - Jacob de la Rose (PHI)
3 - Jakub Voracek (PHI)

Power Play

Philadelphia Flyers - 0 on 6 Attempt(s) - 0.00%
Buffalo Sabres - 0 on 2 Attempt(s) - 0.00%

Penalty Kill

Philadelphia Flyers - 2 on 2 Attempt(s) - 100.00% - Score 0 goal in Penalty Kill
Buffalo Sabres - 6 on 6 Attempt(s) - 100.00% - Score 0 goal in Penalty Kill

Team Stat

Philadelphia Flyers - Hits : 34 - Faceoff Wins : 32 - Blocked Shots : 12 - Penalty Minutes : 4
Buffalo Sabres - Hits : 18 - Faceoff Wins : 20 - Blocked Shots : 15 - Penalty Minutes : 12

Official

Referees : Frederick L'Ecuyer and TJ Luxmore
Linesman : Mark Wheler and Lonnie Cameron

Game Notes

No Game Note

Finance

Level 1 -- Attendance: 7999 (79.99%) -- Ticket Income fr. 655'918
Level 2 -- Attendance: 1645 (82.25%) -- Ticket Income fr. 108'570
Level 3 -- Attendance: 2508 (71.66%) -- Ticket Income fr. 90'288
Level 4 -- Attendance: 1016 (70.07%) -- Ticket Income fr. 21'336
Luxury Box -- Attendance: 37 (74.00%) -- Ticket Income fr. 7'585
Game was played at the KeyBank Center.
Total Attendance: 13205 (77.68%)
Total Ticket Income: fr. 883'697
Total Income: fr. 883'697

Philadelphia Flyers

5 vs 5 Forward 
   Center                   Left Wing                Right Wing               Time % Phy DF OF 
 1 Claude Giroux            Jakub Voracek            Pavel Buchnevich         25     0   2  3  
 2 Sean Couturier           Travis Konecny           Wayne Simmonds           25     0   2  3  
 3 Brandon Sutter           Scott Laughton           Brian Gionta             25     0   2  2  
 4 Nolan Patrick            Jacob de la Rose         Michael Raffl            25     1   4  0  

5 vs 5 Defense 
   Defense                  Defense                                           Time % Phy DF OF 
 1 Brenden Dillon           Zdeno Chara                                       33     1   3  1  
 2 Ivan Provorov            Brandon Manning                                   33     1   3  1  
 3 Ryan McDonagh            Robert Hagg                                       33     1   3  1  
 4 Zdeno Chara              Ivan Provorov                                     1      1   3  1  

PowerPlay Forward 
   Center                   Left Wing                Right Wing               Time % Phy DF OF 
 1 Claude Giroux            Travis Konecny           Wayne Simmonds           60     0   0  5  
 2 Sean Couturier           Jakub Voracek            Pavel Buchnevich         40     0   0  5  

PowerPlay Defense
   Defense                  Defense                                           Time % Phy DF OF 
 1 Ivan Provorov            Ryan McDonagh                                     50     0   0  5  
 2 Zdeno Chara              Brandon Manning                                   50     0   0  5  

Penalty Kill 4 Players Forward 
   Center                   Wing                     Time % Phy DF OF 
 1 Sean Couturier           Michael Raffl            50     1   4  0  
 2 Brandon Sutter           Wayne Simmonds           50     1   4  0  

Penalty Kill 4 Players Defense
   Defense                  Defense                  Time % Phy DF OF 
 1 Zdeno Chara              Brenden Dillon           50     1   4  0  
 2 Ryan McDonagh            Ivan Provorov            50     1   4  0  

Penalty Kill - 3 Players Forward 
   Forward                                           Time % Phy DF OF 
 1 Brandon Sutter                                    50     0   5  0  
 2 Sean Couturier                                    50     0   5  0  

Penalty Kill - 3 Players Defense
   Defense                  Defense                  Time % Phy DF OF 
 1 Ivan Provorov            Brandon Manning          50     0   5  0  
 2 Zdeno Chara              Brenden Dillon           50     0   5  0  

4 vs 4 Forward 
   Center                   Wing                     Time % Phy DF OF 
 1 Brandon Sutter           Jakub Voracek            50     0   2  3  
 2 Sean Couturier           Wayne Simmonds           50     0   2  3  

4 vs 4 Defense
   Defense                  Defense                  Time % Phy DF OF 
 1 Brandon Manning          Ivan Provorov            50     1   2  2  
 2 Zdeno Chara              Ryan McDonagh            50     1   2  2  

Last Minutes Offensive
   Center                   Left Wing                Right Wing               Defense                  Defense                  
   Claude Giroux            Travis Konecny           Jakub Voracek            Ivan Provorov            Ryan McDonagh            

Last Minutes Defensive
   Center                   Left Wing                Right Wing               Defense                  Defense                  
   Sean Couturier           Wayne Simmonds           Brandon Sutter           Zdeno Chara              Brenden Dillon           

Goaltenders
Starting : Henrik Lundqvist         
Backup : Brian Elliott            

Extra Forwards
Normal : Claude Giroux, Sean Couturier, Wayne Simmonds - PP : Claude Giroux, Jakub Voracek - PK : Brandon Sutter
Extra Defensemen
Normal : Ivan Provorov, Zdeno Chara, Ryan McDonagh - PP : Ivan Provorov - PK : Zdeno Chara, Ivan Provorov
Penalty Shots
Claude Giroux, Jakub Voracek, Sean Couturier, Wayne Simmonds, Travis Konecny
Custom OT Lines Forwards
Claude Giroux, Sean Couturier, Jakub Voracek, Wayne Simmonds, Travis Konecny, Pavel Buchnevich, Brandon Sutter, Brian Gionta, Michael Raffl, Nolan Patrick
Custom OT Lines Defensemen
Zdeno Chara, Ivan Provorov, Ryan McDonagh, Brenden Dillon, Brandon Manning

Scratches
Jordan Weal (Healthy)

Buffalo Sabres

5 vs 5 Forward 
   Center                   Left Wing                Right Wing               Time % Phy DF OF 
 1 John Tavares             Ryan Nugent-Hopkins      Jesper Fast              30     1   2  2  
 2 Jason Pominville         Evan Rodrigues           Marcus Foligno           30     1   2  2  
 3 Zemgus Girgensons        Curtis Lazar             Ryan Reaves              25     1   2  2  
 4 Nicolas Deslauriers      Justin Bailey            John Tavares             15     1   2  2  

5 vs 5 Defense 
   Defense                  Defense                                           Time % Phy DF OF 
 1 Rasmus Ristolainen       Tyler Myers                                       30     1   2  2  
 2 Marco Scandella          Jake McCabe                                       30     1   2  2  
 3 Dmitry Kulikov           Justin Falk                                       25     1   2  2  
 4 Casey Nelson             Rasmus Ristolainen                                15     1   2  2  

PowerPlay Forward 
   Center                   Left Wing                Right Wing               Time % Phy DF OF 
 1 John Tavares             Ryan Nugent-Hopkins      Jesper Fast              50     1   2  2  
 2 Jason Pominville         Ryan Reaves              Justin Bailey            50     1   2  2  

PowerPlay Defense
   Defense                  Defense                                           Time % Phy DF OF 
 1 Rasmus Ristolainen       Tyler Myers                                       50     1   2  2  
 2 Marco Scandella          Jake McCabe                                       50     1   2  2  

Penalty Kill 4 Players Forward 
   Center                   Wing                     Time % Phy DF OF 
 1 Justin Bailey            Ryan Reaves              50     1   2  2  
 2 John Tavares             Ryan Nugent-Hopkins      50     1   2  2  

Penalty Kill 4 Players Defense
   Defense                  Defense                  Time % Phy DF OF 
 1 Rasmus Ristolainen       Dmitry Kulikov           50     1   2  2  
 2 Marco Scandella          Jake McCabe              50     1   2  2  

Penalty Kill - 3 Players Forward 
   Forward                                           Time % Phy DF OF 
 1 Ryan Reaves                                       50     1   2  2  
 2 Justin Bailey                                     50     1   2  2  

Penalty Kill - 3 Players Defense
   Defense                  Defense                  Time % Phy DF OF 
 1 Rasmus Ristolainen       Tyler Myers              50     1   2  2  
 2 Marco Scandella          Jake McCabe              50     1   2  2  

4 vs 4 Forward 
   Center                   Wing                     Time % Phy DF OF 
 1 Ryan Reaves              Justin Bailey            50     1   2  2  
 2 John Tavares             Jesper Fast              50     1   2  2  

4 vs 4 Defense
   Defense                  Defense                  Time % Phy DF OF 
 1 Rasmus Ristolainen       Justin Falk              50     1   2  2  
 2 Marco Scandella          Jake McCabe              50     1   2  2  

Last Minutes Offensive
   Center                   Left Wing                Right Wing               Defense                  Defense                  
   John Tavares             Ryan Nugent-Hopkins      Jesper Fast              Rasmus Ristolainen       Tyler Myers              

Last Minutes Defensive
   Center                   Left Wing                Right Wing               Defense                  Defense                  
   John Tavares             Ryan Nugent-Hopkins      Jesper Fast              Rasmus Ristolainen       Tyler Myers              

Goaltenders
Starting : Robin Lehner             
Backup : Linus Ullmark            

Extra Forwards
Normal : John Tavares, Ryan Reaves, Justin Bailey - PP : Justin Bailey, Ryan Reaves - PK : Justin Bailey
Extra Defensemen
Normal : Dmitry Kulikov, Justin Falk, Rasmus Ristolainen - PP : Dmitry Kulikov - PK : Justin Falk, Rasmus Ristolainen
Penalty Shots
Ryan Reaves, Justin Bailey, Ryan Nugent-Hopkins, Jesper Fast, Marcus Foligno
Custom OT Lines Forwards
John Tavares, Ryan Nugent-Hopkins, Jesper Fast, Evan Rodrigues, Marcus Foligno, Curtis Lazar, Nicolas Deslauriers, Ryan Reaves, Justin Bailey, Zemgus Girgensons
Custom OT Lines Defensemen
Rasmus Ristolainen, Tyler Myers, Marco Scandella, Jake McCabe, Dmitry Kulikov

Scratches
Brendan Guhle (Healthy), Nicholas Baptiste (Healthy), Filip Chlapik (Healthy)

% Time on Ice - Philadelphia Flyers

Lines # - Real PCT - Wanted PCT - Time Play
Normal Forward
1 - 25% - 25% - 11:13
2 - 24% - 25% - 10:37
3 - 25% - 25% - 11:12
4 - 25% - 25% - 11:06
Normal Defense
1 - 32% - 33% - 13:58
2 - 30% - 33% - 13:07
3 - 35% - 33% - 15:15
4 - 4% - 1% - 1:48
PP Forward
1 - 53% - 60% - 6:18
2 - 47% - 40% - 5:36
PP Defense
1 - 48% - 50% - 5:40
2 - 52% - 50% - 6:14
PK Forward
1 - 52% - 50% - 2:04
2 - 48% - 50% - 1:54
PK Defense
1 - 53% - 50% - 2:07
2 - 47% - 50% - 1:51
PK3 Forward
1 - 0% - 50%
2 - 0% - 50%
PK3 Defense
1 - 0% - 50%
2 - 0% - 50%
44 Forward
1 - 0% - 50%
2 - 0% - 50%
44 Defense
1 - 0% - 50%
2 - 0% - 50%
Last Minute Offensive  - 0:00
Last Minute Defensive  - 0:00
Total
Forward - 60:00
Defense - 60:00

% Time on Ice - Buffalo Sabres

Lines # - Real PCT - Wanted PCT - Time Play
Normal Forward
1 - 31% - 30% - 13:47
2 - 32% - 30% - 14:01
3 - 23% - 25% - 9:56
4 - 15% - 15% - 6:24
Normal Defense
1 - 32% - 30% - 14:20
2 - 31% - 30% - 13:31
3 - 25% - 25% - 10:55
4 - 12% - 15% - 5:22
PP Forward
1 - 48% - 50% - 1:55
2 - 52% - 50% - 2:03
PP Defense
1 - 45% - 50% - 1:47
2 - 55% - 50% - 2:11
PK Forward
1 - 51% - 50% - 6:07
2 - 49% - 50% - 5:47
PK Defense
1 - 49% - 50% - 5:52
2 - 51% - 50% - 6:02
PK3 Forward
1 - 0% - 50%
2 - 0% - 50%
PK3 Defense
1 - 0% - 50%
2 - 0% - 50%
44 Forward
1 - 0% - 50%
2 - 0% - 50%
44 Defense
1 - 0% - 50%
2 - 0% - 50%
Last Minute Offensive  - 0:00
Last Minute Defensive  - 0:00
Total
Forward - 60:00
Defense - 60:00

Play-by-Play

1st period


0:01 of 1st period - Claude Giroux wins face-off versus John Tavares in neutral zone.
0:04 of 1st period - Snap shot by Pavel Buchnevich.
0:04 of 1st period - Shot Misses the Net.
0:34 of 1st period - Snap shot by Travis Konecny.
0:34 of 1st period - Shot Misses the Net.
0:54 of 1st period - Slapshot by Ryan Reaves.
0:54 of 1st period - Deflect By Curtis Lazar.
0:54 of 1st period - Stopped by Henrik Lundqvist without a rebound.
0:55 of 1st period - Zemgus Girgensons wins face-off versus Nolan Patrick in Philadelphia Flyers zone.
1:02 of 1st period - Slapshot by Curtis Lazar.
1:02 of 1st period - Shot Misses the Net.
1:04 of 1st period - Backhand shot by Dmitry Kulikov.
1:04 of 1st period - Deflect By Robert Hagg.
1:04 of 1st period - Stopped by Henrik Lundqvist without a rebound.
1:05 of 1st period - Nolan Patrick wins face-off versus Nicolas Deslauriers in Philadelphia Flyers zone.
1:12 of 1st period - Snap shot by Michael Raffl.
1:12 of 1st period - Stopped by Robin Lehner with a rebound.
1:14 of 1st period - Backhand shot by Ryan McDonagh.
1:14 of 1st period - Stopped by Robin Lehner with a rebound.
1:18 of 1st period - Wrist shot by Nolan Patrick.
1:18 of 1st period - Shot Misses the Net.
1:22 of 1st period - Snap shot by Nolan Patrick.
1:22 of 1st period - Deflect By Jacob de la Rose.
1:22 of 1st period - Shot Hit the Post.
1:22 of 1st period - Puck is out of play.
1:23 of 1st period - Zemgus Girgensons wins face-off versus Brandon Sutter in Buffalo Sabres zone.
2:01 of 1st period - Slapshot by Travis Konecny.
2:01 of 1st period - Shot Blocked by Marco Scandella.
2:21 of 1st period - Backhand shot by Nolan Patrick.
2:21 of 1st period - Shot Misses the Net.
2:33 of 1st period - Jake McCabe is hit by Pavel Buchnevich and loses puck.
2:52 of 1st period - Brandon Manning is hit by Marcus Foligno and loses puck.
3:35 of 1st period - Wrist shot by Nolan Patrick.
3:35 of 1st period - Shot Misses the Net.
3:43 of 1st period - Snap shot by Jacob de la Rose.
3:43 of 1st period - Stopped by Robin Lehner with a rebound.
3:50 of 1st period - Icing by Curtis Lazar.
3:51 of 1st period - Jason Pominville wins face-off versus Claude Giroux in Buffalo Sabres zone.
3:57 of 1st period - Slapshot by Justin Falk.
3:57 of 1st period - Shot Misses the Net.
4:03 of 1st period - Snap shot by Jason Pominville.
4:03 of 1st period - Shot Blocked by Robert Hagg.
4:13 of 1st period - Rasmus Ristolainen is hit by Robert Hagg and loses puck.
4:46 of 1st period - Slapshot by Rasmus Ristolainen.
4:46 of 1st period - Shot Blocked by Jacob de la Rose.
4:56 of 1st period - Zdeno Chara is hit by Curtis Lazar and loses puck.
5:38 of 1st period - Rasmus Ristolainen is hit by Brandon Manning and loses puck.
6:09 of 1st period - Jake McCabe is hit by Scott Laughton and loses puck.
6:43 of 1st period - Slapshot by Ryan Nugent-Hopkins.
6:43 of 1st period - Stopped by Henrik Lundqvist with a rebound.
7:24 of 1st period - Slapshot by Zdeno Chara.
7:24 of 1st period - Stopped by Robin Lehner with a rebound.
7:26 of 1st period - Snap shot by Zdeno Chara.
7:26 of 1st period - Shot Blocked by Zemgus Girgensons.
7:28 of 1st period - Slapshot by Brenden Dillon.
7:28 of 1st period - Shot Blocked by Rasmus Ristolainen.
7:56 of 1st period - John Tavares is hit by Jacob de la Rose and loses puck.
8:07 of 1st period - Minor Penalty to Jacob de la Rose for Hooking.
8:08 of 1st period - Sean Couturier wins face-off versus Jason Pominville in Philadelphia Flyers zone.
8:21 of 1st period - Snap shot by Justin Bailey.
8:21 of 1st period - Shot Misses the Net.
8:23 of 1st period - Backhand shot by Justin Bailey.
8:23 of 1st period - Shot Blocked by Brandon Sutter.
9:02 of 1st period - Marco Scandella is hit by Brenden Dillon and loses puck.
10:07 of 1st period - Penalty to Jacob de la Rose is over, Jacob de la Rose is back on ice.
10:14 of 1st period - Snap shot by Marcus Foligno.
10:14 of 1st period - Shot Misses the Net.
10:16 of 1st period - Wrist shot by Marcus Foligno.
10:16 of 1st period - Shot Blocked by Robert Hagg.
11:32 of 1st period - Icing by Rasmus Ristolainen.
11:33 of 1st period - Nolan Patrick wins face-off versus Zemgus Girgensons in Buffalo Sabres zone.
11:34 of 1st period - Snap shot by Michael Raffl.
11:34 of 1st period - Shot Blocked by Ryan Reaves.
11:52 of 1st period - John Tavares is hit by Scott Laughton and loses puck.
12:19 of 1st period - Jason Pominville is hit by Ryan McDonagh and loses puck.
12:50 of 1st period - Wrist shot by Jason Pominville.
12:50 of 1st period - Stopped by Henrik Lundqvist with a rebound.
12:52 of 1st period - Snap shot by Jason Pominville.
12:52 of 1st period - Deflect By Michael Raffl.
12:52 of 1st period - Shot Misses the Net.
12:52 of 1st period - Puck is out of play.
12:53 of 1st period - Sean Couturier wins face-off versus John Tavares in Philadelphia Flyers zone.
13:08 of 1st period - Wrist shot by John Tavares.
13:08 of 1st period - Stopped by Henrik Lundqvist without a rebound.
13:09 of 1st period - Zemgus Girgensons wins face-off versus Scott Laughton in Philadelphia Flyers zone.
13:18 of 1st period - Slapshot by Rasmus Ristolainen.
13:18 of 1st period - Deflect By Brandon Sutter.
13:18 of 1st period - Stopped by Henrik Lundqvist without a rebound.
13:19 of 1st period - Zemgus Girgensons wins face-off versus Brandon Sutter in Philadelphia Flyers zone.
13:24 of 1st period - Wrist shot by Rasmus Ristolainen.
13:24 of 1st period - Shot Blocked by Brandon Sutter.
13:26 of 1st period - Slapshot by Rasmus Ristolainen.
13:26 of 1st period - Shot Blocked by Robert Hagg.
14:15 of 1st period - Off-side.
14:16 of 1st period - Sean Couturier wins face-off versus John Tavares in neutral zone.
15:26 of 1st period - Slapshot by Travis Konecny.
15:26 of 1st period - Deflect By Sean Couturier.
15:26 of 1st period - Shot Blocked by Dmitry Kulikov.
15:26 of 1st period - Puck is out of play.
15:27 of 1st period - John Tavares wins face-off versus Claude Giroux in Buffalo Sabres zone.
15:29 of 1st period - Minor Penalty to Tyler Myers for Diving.
15:30 of 1st period - Sean Couturier wins face-off versus Justin Bailey in Buffalo Sabres zone.
17:29 of 1st period - Penalty to Tyler Myers is over, Tyler Myers is back on ice.
17:32 of 1st period - Wrist shot by Tyler Myers.
17:32 of 1st period - Shot Blocked by Brandon Manning.
18:19 of 1st period - Nicolas Deslauriers is hit by Scott Laughton and loses puck.
18:26 of 1st period - Justin Bailey is hit by Scott Laughton and loses puck.
Goals for this period are 0 for Philadelphia Flyers vs 0 for Buffalo Sabres.
Shots for this period are 4 for Philadelphia Flyers vs 6 for Buffalo Sabres.

2nd period


0:01 of 2nd period - John Tavares wins face-off versus Claude Giroux in neutral zone.
0:16 of 2nd period - Snap shot by Claude Giroux.
0:16 of 2nd period - Stopped by Robin Lehner without a rebound.
0:17 of 2nd period - Nolan Patrick wins face-off versus Zemgus Girgensons in Buffalo Sabres zone.
0:18 of 2nd period - Snap shot by Michael Raffl.
0:18 of 2nd period - Shot Misses the Net.
0:44 of 2nd period - Wrist shot by John Tavares.
0:44 of 2nd period - Deflect By Ryan Nugent-Hopkins.
0:44 of 2nd period - Stopped by Henrik Lundqvist without a rebound.
0:45 of 2nd period - Claude Giroux wins face-off versus John Tavares in Philadelphia Flyers zone.
0:45 of 2nd period - Claude Giroux is hit by Marco Scandella.
1:11 of 2nd period - Snap shot by John Tavares.
1:11 of 2nd period - Shot Misses the Net.
1:19 of 2nd period - Snap shot by Jakub Voracek.
1:19 of 2nd period - Shot Misses the Net.
1:35 of 2nd period - Snap shot by Claude Giroux.
1:35 of 2nd period - Shot Blocked by John Tavares.
1:41 of 2nd period - Slapshot by Claude Giroux.
1:41 of 2nd period - Shot Misses the Net.
1:47 of 2nd period - Wrist shot by Jakub Voracek.
1:47 of 2nd period - Stopped by Robin Lehner without a rebound.
1:48 of 2nd period - Nolan Patrick wins face-off versus Jason Pominville in Buffalo Sabres zone.
2:13 of 2nd period - Jake McCabe is hit by Travis Konecny.
2:57 of 2nd period - Ryan Reaves is hit by Robert Hagg and loses puck.
3:08 of 2nd period - Zemgus Girgensons is hit by Robert Hagg and loses puck.
3:52 of 2nd period - Michael Raffl is hit by John Tavares and loses puck.
4:57 of 2nd period - Ryan McDonagh is hit by Evan Rodrigues and loses puck.
5:13 of 2nd period - Wrist shot by Sean Couturier.
5:13 of 2nd period - Shot Blocked by Jake McCabe.
5:27 of 2nd period - Snap shot by Sean Couturier.
5:27 of 2nd period - Shot Misses the Net.
5:45 of 2nd period - Rasmus Ristolainen is hit by Ivan Provorov and loses puck.
5:50 of 2nd period - Slapshot by Nolan Patrick.
5:50 of 2nd period - Shot Blocked by Rasmus Ristolainen.
5:56 of 2nd period - Minor Penalty to Justin Bailey for Hooking.
5:57 of 2nd period - Sean Couturier wins face-off versus Curtis Lazar in Buffalo Sabres zone.
6:00 of 2nd period - Backhand shot by Sean Couturier.
6:00 of 2nd period - Shot Misses the Net.
6:02 of 2nd period - Slapshot by Sean Couturier.
6:02 of 2nd period - Shot Misses the Net.
7:06 of 2nd period - Jake McCabe is hit by Sean Couturier and loses puck.
7:56 of 2nd period - Penalty to Justin Bailey is over, Justin Bailey is back on ice.
8:27 of 2nd period - Wrist shot by Brian Gionta.
8:27 of 2nd period - Stopped by Robin Lehner without a rebound.
8:28 of 2nd period - Nicolas Deslauriers wins face-off versus Nolan Patrick in Buffalo Sabres zone.
8:32 of 2nd period - Rasmus Ristolainen is hit by Robert Hagg and loses puck.
8:52 of 2nd period - Dmitry Kulikov is hit by Robert Hagg and loses puck.
9:05 of 2nd period - Robert Hagg is hit by Marcus Foligno and loses puck.
9:38 of 2nd period - Wrist shot by Travis Konecny.
9:38 of 2nd period - Shot Misses the Net.
9:48 of 2nd period - Slapshot by Rasmus Ristolainen.
9:48 of 2nd period - Deflect By Marcus Foligno.
9:48 of 2nd period - Shot Misses the Net.
9:48 of 2nd period - Puck is out of play.
9:49 of 2nd period - Jason Pominville wins face-off versus Nolan Patrick in Philadelphia Flyers zone.
9:49 of 2nd period - Jason Pominville is hit by Brandon Manning.
9:59 of 2nd period - Slapshot by Ivan Provorov.
9:59 of 2nd period - Stopped by Robin Lehner without a rebound.
10:00 of 2nd period - Brandon Sutter wins face-off versus John Tavares in Buffalo Sabres zone.
10:13 of 2nd period - Wrist shot by Brandon Sutter.
10:13 of 2nd period - Stopped by Robin Lehner with a rebound.
10:15 of 2nd period - Snap shot by Scott Laughton.
10:15 of 2nd period - Shot Misses the Net.
10:34 of 2nd period - Ryan Reaves is hit by Claude Giroux and loses puck.
10:51 of 2nd period - Wrist shot by Evan Rodrigues.
10:51 of 2nd period - Shot Misses the Net.
10:53 of 2nd period - Wrist shot by Marcus Foligno.
10:53 of 2nd period - Stopped by Henrik Lundqvist with a rebound.
10:55 of 2nd period - Snap shot by Evan Rodrigues.
10:55 of 2nd period - Shot Misses the Net.
10:57 of 2nd period - Slapshot by Jake McCabe.
10:57 of 2nd period - Stopped by Henrik Lundqvist without a rebound.
10:58 of 2nd period - Brandon Sutter wins face-off versus John Tavares in Philadelphia Flyers zone.
11:02 of 2nd period - Icing by Ivan Provorov.
11:03 of 2nd period - Jesper Fast wins face-off versus Brandon Sutter in Philadelphia Flyers zone.
11:12 of 2nd period - Snap shot by Ryan Nugent-Hopkins.
11:12 of 2nd period - Stopped by Henrik Lundqvist without a rebound.
11:13 of 2nd period - Claude Giroux wins face-off versus John Tavares in Philadelphia Flyers zone.
11:18 of 2nd period - Slapshot by Jakub Voracek.
11:18 of 2nd period - Shot Blocked by Rasmus Ristolainen.
12:03 of 2nd period - Wrist shot by Nolan Patrick.
12:03 of 2nd period - Stopped by Robin Lehner without a rebound.
12:04 of 2nd period - Sean Couturier wins face-off versus Nicolas Deslauriers in Buffalo Sabres zone.
12:05 of 2nd period - Wrist shot by Wayne Simmonds.
12:05 of 2nd period - Stopped by Robin Lehner with a rebound.
12:08 of 2nd period - Icing by Dmitry Kulikov.
12:09 of 2nd period - Sean Couturier wins face-off versus Nicolas Deslauriers in Buffalo Sabres zone.
12:16 of 2nd period - Snap shot by Wayne Simmonds.
12:16 of 2nd period - Stopped by Robin Lehner without a rebound.
12:17 of 2nd period - Nolan Patrick wins face-off versus John Tavares in Buffalo Sabres zone.
12:17 of 2nd period - Michael Raffl is hit by Tyler Myers and loses puck.
12:28 of 2nd period - Minor Penalty to Tyler Myers for Hooking.
12:29 of 2nd period - Claude Giroux wins face-off versus Ryan Nugent-Hopkins in Buffalo Sabres zone.
12:33 of 2nd period - Wrist shot by Wayne Simmonds.
12:33 of 2nd period - Stopped by Robin Lehner with a rebound.
12:51 of 2nd period - Rasmus Ristolainen is hit by Brandon Manning and loses puck.
12:56 of 2nd period - Snap shot by Jakub Voracek.
12:56 of 2nd period - Shot Misses the Net.
12:58 of 2nd period - Snap shot by Pavel Buchnevich.
12:58 of 2nd period - Shot Misses the Net.
13:24 of 2nd period - Claude Giroux is hit by Ryan Reaves and loses puck.
14:28 of 2nd period - Penalty to Tyler Myers is over, Tyler Myers is back on ice.
14:33 of 2nd period - Brandon Sutter is hit by Jason Pominville and loses puck.
16:20 of 2nd period - Icing by Zemgus Girgensons.
16:21 of 2nd period - Claude Giroux wins face-off versus Jason Pominville in Buffalo Sabres zone.
16:40 of 2nd period - Justin Bailey is hit by Wayne Simmonds and loses puck.
16:47 of 2nd period - Snap shot by Wayne Simmonds.
16:47 of 2nd period - Stopped by Robin Lehner with a rebound.
17:07 of 2nd period - Curtis Lazar is hit by Brandon Sutter and loses puck.
17:18 of 2nd period - Nolan Patrick is hit by Jake McCabe.
17:22 of 2nd period - Backhand shot by Jacob de la Rose.
17:22 of 2nd period - Stopped by Robin Lehner with a rebound.
17:24 of 2nd period - Wrist shot by Jacob de la Rose.
17:24 of 2nd period - Goal by Jacob de la Rose - Philadelphia Flyers : 1 - Buffalo Sabres : 0.
17:25 of 2nd period - John Tavares wins face-off versus Brandon Sutter in neutral zone.
17:57 of 2nd period - Minor Penalty to Scott Laughton for Holding.
17:58 of 2nd period - Sean Couturier wins face-off versus Jason Pominville in Philadelphia Flyers zone.
17:58 of 2nd period - Sean Couturier is hit by Ryan Reaves.
18:21 of 2nd period - Jason Pominville is hit by Wayne Simmonds and loses puck.
18:41 of 2nd period - Off-side.
18:42 of 2nd period - Michael Raffl wins face-off versus John Tavares in neutral zone.
18:51 of 2nd period - Ryan McDonagh is hit by Ryan Nugent-Hopkins and loses puck.
18:56 of 2nd period - Snap shot by Ryan Nugent-Hopkins.
18:56 of 2nd period - Shot Blocked by Ryan McDonagh.
18:58 of 2nd period - Slapshot by Rasmus Ristolainen.
18:58 of 2nd period - Deflect By Sean Couturier.
18:58 of 2nd period - Stopped by Henrik Lundqvist with a rebound.
19:16 of 2nd period - Wayne Simmonds is hit by Rasmus Ristolainen.
19:57 of 2nd period - Penalty to Scott Laughton is over, Scott Laughton is back on ice.
Goals for this period are 1 for Philadelphia Flyers vs 0 for Buffalo Sabres.
Shots for this period are 12 for Philadelphia Flyers vs 5 for Buffalo Sabres.

3rd period


0:01 of 3rd period - John Tavares wins face-off versus Sean Couturier in neutral zone.
0:11 of 3rd period - Wayne Simmonds is hit by John Tavares and loses puck.
0:26 of 3rd period - Jason Pominville is hit by Claude Giroux and loses puck.
0:33 of 3rd period - Wrist shot by Jakub Voracek.
0:33 of 3rd period - Deflect By Claude Giroux.
0:33 of 3rd period - Shot Blocked by Rasmus Ristolainen.
0:33 of 3rd period - Puck is out of play.
0:34 of 3rd period - Nolan Patrick wins face-off versus Zemgus Girgensons in Buffalo Sabres zone.
0:37 of 3rd period - Snap shot by Nolan Patrick.
0:37 of 3rd period - Shot Blocked by Dmitry Kulikov.
0:49 of 3rd period - Slapshot by Curtis Lazar.
0:49 of 3rd period - Shot Misses the Net.
1:24 of 3rd period - Wrist shot by Marcus Foligno.
1:24 of 3rd period - Stopped by Henrik Lundqvist without a rebound.
1:25 of 3rd period - Claude Giroux wins face-off versus Jason Pominville in Philadelphia Flyers zone.
1:32 of 3rd period - Snap shot by Jakub Voracek.
1:32 of 3rd period - Goal by Jakub Voracek - Philadelphia Flyers : 2 - Buffalo Sabres : 0.
1:33 of 3rd period - John Tavares wins face-off versus Brandon Sutter in neutral zone.
1:46 of 3rd period - Wrist shot by Scott Laughton.
1:46 of 3rd period - Stopped by Robin Lehner without a rebound.
1:47 of 3rd period - Marcus Foligno wins face-off versus Nolan Patrick in Buffalo Sabres zone.
1:49 of 3rd period - Minor Penalty to Marcus Foligno for Hooking.
1:50 of 3rd period - Claude Giroux wins face-off versus John Tavares in Buffalo Sabres zone.
1:56 of 3rd period - Wrist shot by Claude Giroux.
1:56 of 3rd period - Shot Misses the Net.
1:58 of 3rd period - Backhand shot by Brandon Manning.
1:58 of 3rd period - Stopped by Robin Lehner with a rebound.
2:00 of 3rd period - Backhand shot by Zdeno Chara.
2:00 of 3rd period - Stopped by Robin Lehner with a rebound.
3:49 of 3rd period - Penalty to Marcus Foligno is over, Marcus Foligno is back on ice.
3:55 of 3rd period - Ivan Provorov is hit by Marcus Foligno and loses puck.
4:00 of 3rd period - Slapshot by Evan Rodrigues.
4:00 of 3rd period - Stopped by Henrik Lundqvist without a rebound.
4:01 of 3rd period - Jason Pominville wins face-off versus Nolan Patrick in Philadelphia Flyers zone.
4:12 of 3rd period - Snap shot by Marcus Foligno.
4:12 of 3rd period - Stopped by Henrik Lundqvist with a rebound.
4:14 of 3rd period - Backhand shot by Tyler Myers.
4:14 of 3rd period - Shot Misses the Net.
4:16 of 3rd period - Snap shot by Evan Rodrigues.
4:16 of 3rd period - Shot Misses the Net.
4:22 of 3rd period - Wrist shot by Evan Rodrigues.
4:22 of 3rd period - Shot Misses the Net.
4:36 of 3rd period - Snap shot by Jason Pominville.
4:36 of 3rd period - Stopped by Henrik Lundqvist without a rebound.
4:37 of 3rd period - John Tavares wins face-off versus Brandon Sutter in Philadelphia Flyers zone.
4:50 of 3rd period - Slapshot by Ryan Nugent-Hopkins.
4:50 of 3rd period - Goal by Ryan Nugent-Hopkins - Philadelphia Flyers : 2 - Buffalo Sabres : 1.
4:51 of 3rd period - John Tavares wins face-off versus Claude Giroux in neutral zone.
5:39 of 3rd period - Snap shot by Jason Pominville.
5:39 of 3rd period - Stopped by Henrik Lundqvist with a rebound.
5:41 of 3rd period - Wrist shot by Jason Pominville.
5:41 of 3rd period - Deflect By Scott Laughton.
5:41 of 3rd period - Shot Blocked by Brenden Dillon.
5:41 of 3rd period - Puck is out of play.
5:42 of 3rd period - Claude Giroux wins face-off versus John Tavares in Philadelphia Flyers zone.
6:17 of 3rd period - Icing by Dmitry Kulikov.
6:18 of 3rd period - Zemgus Girgensons wins face-off versus Nolan Patrick in Buffalo Sabres zone.
6:18 of 3rd period - Zemgus Girgensons is hit by Jacob de la Rose.
6:26 of 3rd period - Snap shot by Nolan Patrick.
6:26 of 3rd period - Stopped by Robin Lehner without a rebound.
6:27 of 3rd period - Nolan Patrick wins face-off versus John Tavares in Buffalo Sabres zone.
6:30 of 3rd period - Snap shot by Jacob de la Rose.
6:30 of 3rd period - Deflect By Michael Raffl.
6:30 of 3rd period - Stopped by Robin Lehner with a rebound.
6:32 of 3rd period - Snap shot by Michael Raffl.
6:32 of 3rd period - Shot Blocked by John Tavares.
6:54 of 3rd period - Wrist shot by Nolan Patrick.
6:54 of 3rd period - Goal by Nolan Patrick - Philadelphia Flyers : 3 - Buffalo Sabres : 1.
6:55 of 3rd period - Sean Couturier wins face-off versus Jason Pominville in neutral zone.
7:44 of 3rd period - Ryan McDonagh is hit by John Tavares and loses puck.
8:01 of 3rd period - Wrist shot by John Tavares.
8:01 of 3rd period - Shot Blocked by Brian Gionta.
8:03 of 3rd period - Wrist shot by Justin Bailey.
8:03 of 3rd period - Stopped by Henrik Lundqvist without a rebound.
8:04 of 3rd period - Claude Giroux wins face-off versus Nicolas Deslauriers in Philadelphia Flyers zone.
8:11 of 3rd period - Nicolas Deslauriers is hit by Pavel Buchnevich and loses puck.
8:34 of 3rd period - Minor Penalty to Marcus Foligno for Holding.
8:35 of 3rd period - Claude Giroux wins face-off versus Justin Bailey in Buffalo Sabres zone.
9:23 of 3rd period - Travis Konecny is hit by Justin Bailey.
10:34 of 3rd period - Penalty to Marcus Foligno is over, Marcus Foligno is back on ice.
10:43 of 3rd period - Slapshot by Ryan McDonagh.
10:43 of 3rd period - Stopped by Robin Lehner with a rebound.
10:45 of 3rd period - Slapshot by Ryan McDonagh.
10:45 of 3rd period - Stopped by Robin Lehner with a rebound.
10:47 of 3rd period - Snap shot by Brian Gionta.
10:47 of 3rd period - Shot Blocked by Ryan Reaves.
10:53 of 3rd period - Slapshot by Marco Scandella.
10:53 of 3rd period - Shot Blocked by Robert Hagg.
11:04 of 3rd period - Wrist shot by Tyler Myers.
11:04 of 3rd period - Shot Misses the Net.
11:42 of 3rd period - Sean Couturier is hit by Ryan Nugent-Hopkins and loses puck.
11:53 of 3rd period - Jason Pominville is hit by Claude Giroux and loses puck.
12:10 of 3rd period - Justin Falk is hit by Nolan Patrick and loses puck.
12:42 of 3rd period - Jesper Fast is hit by Claude Giroux and loses puck.
13:10 of 3rd period - Zemgus Girgensons is hit by Jacob de la Rose.
13:22 of 3rd period - Nicolas Deslauriers is hit by Travis Konecny and loses puck.
14:04 of 3rd period - Justin Falk is hit by Pavel Buchnevich and loses puck.
15:12 of 3rd period - Icing by Wayne Simmonds.
15:13 of 3rd period - Claude Giroux wins face-off versus Evan Rodrigues in Philadelphia Flyers zone.
15:15 of 3rd period - Icing by Jakub Voracek.
15:16 of 3rd period - John Tavares wins face-off versus Claude Giroux in Philadelphia Flyers zone.
16:08 of 3rd period - Ryan Nugent-Hopkins is hit by Brandon Sutter and loses puck.
16:31 of 3rd period - Snap shot by Claude Giroux.
16:31 of 3rd period - Shot Blocked by Dmitry Kulikov.
16:33 of 3rd period - Slapshot by Robert Hagg.
16:33 of 3rd period - Stopped by Robin Lehner with a rebound.
16:35 of 3rd period - Snap shot by Claude Giroux.
16:35 of 3rd period - Stopped by Robin Lehner with a rebound.
16:41 of 3rd period - Minor Penalty to Marcus Foligno for Diving.
16:42 of 3rd period - John Tavares wins face-off versus Claude Giroux in Buffalo Sabres zone.
16:53 of 3rd period - Snap shot by Claude Giroux.
16:53 of 3rd period - Stopped by Robin Lehner with a rebound.
16:55 of 3rd period - Wrist shot by Claude Giroux.
16:55 of 3rd period - Stopped by Robin Lehner without a rebound.
16:56 of 3rd period - Claude Giroux wins face-off versus Ryan Nugent-Hopkins in Buffalo Sabres zone.
16:57 of 3rd period - Snap shot by Wayne Simmonds.
16:57 of 3rd period - Shot Blocked by Ryan Nugent-Hopkins.
16:59 of 3rd period - Slapshot by Ryan McDonagh.
16:59 of 3rd period - Deflect By John Tavares.
16:59 of 3rd period - Stopped by Robin Lehner without a rebound.
17:00 of 3rd period - Claude Giroux wins face-off versus John Tavares in Buffalo Sabres zone.
17:11 of 3rd period - Snap shot by Claude Giroux.
17:11 of 3rd period - Stopped by Robin Lehner with a rebound.
17:13 of 3rd period - Snap shot by Wayne Simmonds.
17:13 of 3rd period - Shot Misses the Net.
18:41 of 3rd period - Penalty to Marcus Foligno is over, Marcus Foligno is back on ice.
19:06 of 3rd period - Snap shot by Nolan Patrick.
19:06 of 3rd period - Stopped by Robin Lehner with a rebound.
19:12 of 3rd period - Snap shot by John Tavares.
19:12 of 3rd period - Shot Blocked by Brandon Sutter.
19:20 of 3rd period - John Tavares is hit by Brandon Sutter and loses puck.
19:47 of 3rd period - Wrist shot by Jesper Fast.
19:47 of 3rd period - Stopped by Henrik Lundqvist with a rebound.
Goals for this period are 2 for Philadelphia Flyers vs 1 for Buffalo Sabres.
Shots for this period are 16 for Philadelphia Flyers vs 8 for Buffalo Sabres.